2224 views
Uploaded 2022-06-20 16:39:57
Game version 1.32.10
39:02 long 4on4 ladder game on (8)Battleground_LV
Saved by GIGA
2224 views
Uploaded 2022-06-20 16:39:57
Game version 1.32.10
39:02 long 4on4 ladder game on (8)Battleground_LV


140 units @ 13.9k
/ 2.2k
165 buildings @ 13.7k
/ 6.7k
DudeWhy
(236)
(38:51) : 


| Boots of Speed | 4 | 1000 |
| total: | 4 | 1000g |
| Peasant | 21 | 1575 | / | 0 |
| Mortar Team | 8 | 1440 | / | 560 |
| Dragonhawk Rider | 6 | 1200 | / | 180 |
| total: | 35 | 4215g | / | 740w |
| Scout Tower | 18 | 540 | / | 360 |
| Arcane Tower | 1 | 70 | / | 50 |
| Guard Tower | 8 | 560 | / | 400 |
| Altar of Kings | 1 | 180 | / | 50 |
| Farm | 10 | 800 | / | 200 |
| Lumber Mill | 2 | 240 | / | 0 |
| Town Hall | 1 | 385 | / | 205 |
| Blacksmith | 1 | 140 | / | 60 |
| Arcane Vault | 2 | 260 | / | 60 |
| Workshop | 3 | 420 | / | 420 |
| Gryphon Aviary | 2 | 280 | / | 300 |
| Keep | 1 | 320 | / | 210 |
| Castle | 1 | 360 | / | 210 |
| total: | 40 | 3245g | / | 1655w |
| 0:04 | Peasant |
| 0:12 | Peasant |
| 0:20 | Altar of Kings |
| 0:21 | Peasant |
| 0:28 | Peasant |
| 0:36 | Farm |
| 0:38 | Peasant |
| 1:02 | Lumber Mill |
| 1:05 | Peasant |
| 1:08 | Farm |
| 1:10 | Peasant |
| 1:28 | Scout Tower |
| 1:32 | Scout Tower |
| 1:36 | Peasant |
| 2:00 | Farm |
| 2:01 | Farm |
| 2:04 | Peasant |
| 2:10 | Improved Lumber Harvesting |
| 2:11 | Improved Masonry |
| 2:30 | Storm Bolt |
| 3:16 | Arcane Tower |
| 3:17 | Peasant |
| 3:17 | Peasant |
| 3:41 | Town Hall |
| 3:53 | Peasant |
| 3:53 | Peasant |
| 4:33 | Scout Tower |
| 4:35 | Scout Tower |
| 4:35 | Scout Tower |
| 4:39 | Scout Tower |
| 4:40 | Scout Tower |
| 4:58 | Peasant |
| 5:30 | Peasant |
| 5:36 | Guard Tower |
| 5:38 | Scout Tower |
| 5:38 | Scout Tower |
| 5:39 | Scout Tower |
| 5:40 | Scout Tower |
| 5:45 | Peasant |
| 5:45 | Peasant |
| 6:04 | Keep |
| 6:08 | Guard Tower |
| 6:20 | Bash |
| 6:44 | Scout Tower |
| 6:46 | Scout Tower |
| 6:47 | Scout Tower |
| 6:48 | Scout Tower |
| 6:48 | Scout Tower |
| 7:08 | Guard Tower |
| 7:15 | Peasant |
| 7:16 | Peasant |
| 7:29 | Guard Tower |
| 7:34 | Blacksmith |
| 7:38 | Guard Tower |
| 7:49 | Guard Tower |
| 7:52 | Scout Tower |
| 7:53 | Scout Tower |
| 7:58 | Peasant |
| 7:59 | Peasant |
| 8:09 | Bash |
| 8:11 | Bash |
| 8:25 | Castle |
| 8:30 | Guard Tower |
| 8:55 | Workshop |
| 8:56 | Workshop |
| 8:56 | Workshop |
| 8:58 | Black Gunpowder |
| 9:05 | Advanced Lumber Harvesting |
| 9:05 | Advanced Masonry |
| 9:27 | Guard Tower |
| 9:55 | Iron Plating |
| 10:02 | Holy Light |
| 10:13 | Flare |
| 10:14 | Mortar Team |
| 10:15 | Mortar Team |
| 11:05 | Refined Gunpowder |
| 11:09 | Farm |
| 11:11 | Farm |
| 11:13 | Farm |
| 11:14 | Farm |
| 11:18 | Gryphon Aviary |
| 11:19 | Gryphon Aviary |
| 12:12 | Farm |
| 12:13 | Farm |
| 12:16 | Steel Plating |
| 12:19 | Studded Leather Armor |
| 12:53 | Imbued Masonry |
| 13:24 | Arcane Vault |
| 13:27 | Arcane Vault |
| 14:17 | Imbued Gunpowder |
| 14:42 | Fragmentation Shards |
| 14:42 | Mortar Team |
| 14:43 | Mortar Team |
| 15:46 | Cloud |
| 15:47 | Dragonhawk Rider |
| 15:47 | Dragonhawk Rider |
| 20:32 | Storm Bolt |
| 20:33 | Divine Shield |
| 20:34 | Divine Shield |
| 21:42 | Brilliance Aura |
| 22:54 | Storm Bolt |
| 22:55 | Divine Shield |
| 22:57 | Thunder Clap |
| 22:58 | Holy Light |
| 23:00 | Holy Light |
| 25:27 | Dragonhawk Rider |
| 25:27 | Dragonhawk Rider |
| 25:27 | Dragonhawk Rider |
| 26:43 | Bash |
| 28:27 | Mortar Team |
| 28:27 | Mortar Team |
| 28:45 | Holy Light |
| 30:30 | Mortar Team |
| 30:31 | Mortar Team |
| 31:19 | Storm Bolt |
| 31:21 | Divine Shield |
| 31:42 | Dragonhawk Rider |
| 32:16 | Divine Shield |
| 34:01 | Lumber Mill |
| 34:26 | Boots of Speed |
| 34:27 | Boots of Speed |
| 35:04 | Boots of Speed |
| 35:04 | Boots of Speed |
| Right click | 1645 |
| Select | 397 |
| Select group | 328 |
| Use ability | 123 |
| Misc. action | 107 |
| Build/train/purchase | 106 |
| Resource trade | 43 |
| Minimap ping | 17 |
| Assign group | 16 |
| Esc | 5 |
| Item give/drop | 4 |
| Chat | 3 |
| Remove unit | 2 |


| Peasant | 14 | 1050 | / | 0 |
| Flying Machine | 38 | 3800 | / | 1140 |
| Dragonhawk Rider | 2 | 400 | / | 60 |
| total: | 54 | 5250g | / | 1200w |
| Scout Tower | 1 | 30 | / | 20 |
| Arcane Tower | 1 | 70 | / | 50 |
| Altar of Kings | 2 | 360 | / | 100 |
| Farm | 16 | 1280 | / | 320 |
| Lumber Mill | 1 | 120 | / | 0 |
| Blacksmith | 1 | 140 | / | 60 |
| Arcane Vault | 1 | 130 | / | 30 |
| Workshop | 4 | 560 | / | 560 |
| Gryphon Aviary | 1 | 140 | / | 150 |
| Keep | 1 | 320 | / | 210 |
| Castle | 1 | 360 | / | 210 |
| total: | 27 | 2760g | / | 1240w |
| 0:07 | Altar of Kings |
| 0:09 | Peasant |
| 0:10 | Peasant |
| 0:10 | Peasant |
| 0:10 | Peasant |
| 0:30 | Farm |
| 0:31 | Farm |
| 0:32 | Farm |
| 0:37 | Peasant |
| 0:49 | Lumber Mill |
| 1:23 | Scout Tower |
| 1:29 | Peasant |
| 1:29 | Peasant |
| 1:29 | Peasant |
| 1:29 | Peasant |
| 1:52 | Arcane Tower |
| 1:56 | Improved Lumber Harvesting |
| 2:09 | Peasant |
| 2:09 | Peasant |
| 2:10 | Peasant |
| 2:16 | Storm Bolt |
| 2:41 | Peasant |
| 2:41 | Peasant |
| 3:01 | Blacksmith |
| 3:19 | Keep |
| 4:16 | Black Gunpowder |
| 4:16 | Iron Plating |
| 4:31 | Farm |
| 4:32 | Farm |
| 4:33 | Farm |
| 4:34 | Farm |
| 5:44 | Farm |
| 6:23 | Farm |
| 6:24 | Farm |
| 6:28 | Refined Gunpowder |
| 6:28 | Steel Plating |
| 6:30 | Castle |
| 6:38 | Workshop |
| 6:39 | Workshop |
| 6:40 | Workshop |
| 7:22 | Advanced Lumber Harvesting |
| 7:31 | Holy Light |
| 7:56 | Flak Cannons |
| 9:00 | Workshop |
| 9:22 | Imbued Gunpowder |
| 9:23 | Mithril Plating |
| 10:12 | Flying Machine Bombs |
| 10:32 | Farm |
| 10:33 | Farm |
| 10:40 | Flying Machine |
| 10:41 | Flying Machine |
| 10:41 | Flying Machine |
| 10:41 | Flying Machine |
| 10:41 | Flying Machine |
| 10:55 | Arcane Vault |
| 10:59 | Gryphon Aviary |
| 11:25 | Flying Machine |
| 11:25 | Flying Machine |
| 11:26 | Flying Machine |
| 11:26 | Flying Machine |
| 11:26 | Flying Machine |
| 12:03 | Flying Machine |
| 12:03 | Flying Machine |
| 12:03 | Flying Machine |
| 12:28 | Cloud |
| 12:29 | Dragonhawk Rider |
| 12:29 | Dragonhawk Rider |
| 13:17 | Flying Machine |
| 13:17 | Flying Machine |
| 17:00 | Flying Machine |
| 17:00 | Flying Machine |
| 17:00 | Flying Machine |
| 17:01 | Flying Machine |
| 17:01 | Flying Machine |
| 19:15 | Flying Machine |
| 19:15 | Flying Machine |
| 19:15 | Flying Machine |
| 19:15 | Flying Machine |
| 20:14 | Flying Machine |
| 20:14 | Flying Machine |
| 20:15 | Flying Machine |
| 20:15 | Flying Machine |
| 20:15 | Flying Machine |
| 20:15 | Flying Machine |
| 20:15 | Flying Machine |
| 20:16 | Flying Machine |
| 20:49 | Altar of Kings |
| 22:05 | Farm |
| 22:06 | Farm |
| 22:08 | Farm |
| 22:09 | Farm |
| 29:30 | Flying Machine |
| 29:30 | Flying Machine |
| 29:30 | Flying Machine |
| 29:30 | Flying Machine |
| 29:32 | Flying Machine |
| 29:32 | Flying Machine |
| Right click | 1539 |
| Select group | 1283 |
| Select | 283 |
| Chat | 276 |
| Build/train/purchase | 72 |
| Assign group | 22 |
| Remove unit | 16 |
| Use ability | 12 |
| Minimap ping | 12 |
Cabeelibob
(194)
(38:51) : 

| Peasant | 15 | 1125 | / | 0 |
| Sorceress | 2 | 310 | / | 40 |
| total: | 17 | 1435g | / | 40w |
| Scout Tower | 64 | 1920 | / | 1280 |
| Arcane Tower | 11 | 770 | / | 550 |
| Guard Tower | 38 | 2660 | / | 1900 |
| Altar of Kings | 2 | 360 | / | 100 |
| Farm | 6 | 480 | / | 120 |
| Lumber Mill | 2 | 240 | / | 0 |
| Blacksmith | 1 | 140 | / | 60 |
| Town Hall | 3 | 1155 | / | 615 |
| Barracks | 1 | 160 | / | 60 |
| Cannon Tower | 5 | 600 | / | 500 |
| Arcane Sanctum | 1 | 150 | / | 140 |
| Workshop | 1 | 140 | / | 140 |
| Keep | 2 | 640 | / | 420 |
| Castle | 2 | 720 | / | 420 |
| total: | 81 | 4745g | / | 2515w |
| 0:10 | Altar of Kings |
| 0:14 | Farm |
| 0:15 | Peasant |
| 0:34 | Peasant |
| 0:34 | Peasant |
| 0:47 | Peasant |
| 0:55 | Farm |
| 0:57 | Peasant |
| 1:08 | Lumber Mill |
| 1:17 | Peasant |
| 1:35 | Scout Tower |
| 1:52 | Peasant |
| 2:04 | Arcane Tower |
| 2:06 | Farm |
| 2:09 | Peasant |
| 2:14 | Storm Bolt |
| 2:33 | Peasant |
| 2:44 | Scout Tower |
| 2:45 | Peasant |
| 3:14 | Guard Tower |
| 3:17 | Improved Masonry |
| 3:24 | Peasant |
| 3:24 | Peasant |
| 3:51 | Peasant |
| 4:13 | Scout Tower |
| 4:13 | Scout Tower |
| 4:16 | Scout Tower |
| 4:20 | Improved Lumber Harvesting |
| 4:23 | Peasant |
| 4:23 | Peasant |
| 5:01 | Keep |
| 5:06 | Scout Tower |
| 5:10 | Scout Tower |
| 5:14 | Scout Tower |
| 5:17 | Guard Tower |
| 5:19 | Scout Tower |
| 5:21 | Scout Tower |
| 5:27 | Guard Tower |
| 5:31 | Scout Tower |
| 5:33 | Scout Tower |
| 5:35 | Guard Tower |
| 5:50 | Guard Tower |
| 5:52 | Guard Tower |
| 5:54 | Scout Tower |
| 5:55 | Scout Tower |
| 5:56 | Scout Tower |
| 6:00 | Scout Tower |
| 6:02 | Guard Tower |
| 6:05 | Guard Tower |
| 6:07 | Scout Tower |
| 6:28 | Arcane Tower |
| 6:32 | Scout Tower |
| 6:36 | Guard Tower |
| 6:38 | Scout Tower |
| 6:40 | Guard Tower |
| 6:44 | Scout Tower |
| 6:50 | Arcane Tower |
| 6:53 | Scout Tower |
| 6:56 | Scout Tower |
| 6:59 | Guard Tower |
| 7:01 | Scout Tower |
| 7:09 | Scout Tower |
| 7:10 | Guard Tower |
| 7:24 | Scout Tower |
| 7:25 | Scout Tower |
| 7:28 | Arcane Tower |
| 7:30 | Guard Tower |
| 7:33 | Scout Tower |
| 7:36 | Guard Tower |
| 7:41 | Scout Tower |
| 7:43 | Scout Tower |
| 7:46 | Guard Tower |
| 8:13 | Advanced Masonry |
| 8:24 | Scout Tower |
| 8:28 | Scout Tower |
| 8:29 | Guard Tower |
| 8:34 | Guard Tower |
| 8:39 | Guard Tower |
| 8:45 | Scout Tower |
| 8:58 | Holy Light |
| 9:13 | Castle |
| 9:21 | Guard Tower |
| 9:25 | Scout Tower |
| 9:31 | Scout Tower |
| 9:40 | Guard Tower |
| 9:40 | Guard Tower |
| 9:41 | Guard Tower |
| 9:43 | Guard Tower |
| 9:45 | Scout Tower |
| 9:51 | Scout Tower |
| 9:53 | Guard Tower |
| 9:55 | Scout Tower |
| 9:55 | Scout Tower |
| 9:56 | Scout Tower |
| 10:10 | Scout Tower |
| 10:11 | Guard Tower |
| 10:23 | Scout Tower |
| 10:24 | Scout Tower |
| 10:25 | Scout Tower |
| 10:26 | Guard Tower |
| 10:29 | Arcane Tower |
| 10:48 | Scout Tower |
| 10:48 | Scout Tower |
| 10:50 | Guard Tower |
| 10:52 | Arcane Tower |
| 10:58 | Guard Tower |
| 11:26 | Arcane Sanctum |
| 11:28 | Arcane Tower |
| 11:35 | Guard Tower |
| 11:55 | Scout Tower |
| 11:58 | Scout Tower |
| 12:10 | Imbued Masonry |
| 12:23 | Guard Tower |
| 12:27 | Scout Tower |
| 13:10 | Guard Tower |
| 13:23 | Magic Sentry |
| 13:26 | Sorceress Adept Training |
| 13:28 | Blacksmith |
| 13:36 | Scout Tower |
| 13:40 | Guard Tower |
| 13:43 | Scout Tower |
| 13:48 | Scout Tower |
| 14:19 | Arcane Tower |
| 14:22 | Scout Tower |
| 14:23 | Scout Tower |
| 14:23 | Scout Tower |
| 14:34 | Guard Tower |
| 14:41 | Scout Tower |
| 14:46 | Workshop |
| 14:59 | Arcane Tower |
| 15:03 | Scout Tower |
| 15:12 | Scout Tower |
| 15:19 | Scout Tower |
| 15:24 | Guard Tower |
| 15:46 | Lumber Mill |
| 15:49 | Cannon Tower |
| 15:51 | Cannon Tower |
| 15:55 | Fragmentation Shards |
| 16:26 | Arcane Tower |
| 16:28 | Arcane Tower |
| 16:31 | Scout Tower |
| 16:37 | Scout Tower |
| 16:39 | Scout Tower |
| 17:02 | Town Hall |
| 17:07 | Guard Tower |
| 17:09 | Cannon Tower |
| 17:12 | Scout Tower |
| 17:35 | Sorceress |
| 17:35 | Sorceress |
| 17:44 | Flare |
| 17:56 | Cannon Tower |
| 17:59 | Scout Tower |
| 18:26 | Cannon Tower |
| 18:31 | Scout Tower |
| 20:13 | Guard Tower |
| 21:49 | Barracks |
| 22:41 | Iron Forged Swords |
| 22:42 | Iron Plating |
| 23:11 | Animal War Training |
| 23:45 | Steel Forged Swords |
| 26:02 | Keep |
| 26:14 | Town Hall |
| 27:24 | Altar of Kings |
| 30:06 | Castle |
| 30:08 | Farm |
| 30:09 | Farm |
| 30:10 | Farm |
| 35:06 | Mithril Forged Swords |
| 35:06 | Steel Plating |
| 35:27 | Town Hall |
| Right click | 810 |
| Select | 366 |
| Chat | 119 |
| Build/train/purchase | 110 |
| Misc. action | 67 |
| Select group | 21 |
| Resource trade | 13 |
| Use ability | 12 |
| Minimap ping | 7 |
| Assign group | 6 |
| Remove unit | 1 |
| Esc | 1 |
GIGA
(207)
(39:01) : 

| Healing Salve | 1 | 100 |
| Lesser Clarity Potion | 3 | 210 |
| Orb of Lightning | 1 | 375 |
| Potion of Mana | 2 | 400 |
| Boots of Speed | 1 | 250 |
| Staff of Teleportation | 1 | 150 |
| Orb of Fire | 2 | 650 |
| total: | 11 | 2135g |
| Peon | 27 | 2025 | / | 0 |
| Troll Witch Doctor | 7 | 1015 | / | 175 |
| total: | 34 | 3040g | / | 175w |
| Watch Tower | 5 | 550 | / | 400 |
| Altar of Storms | 2 | 360 | / | 100 |
| Orc Burrow | 4 | 640 | / | 160 |
| Voodoo Lounge | 2 | 260 | / | 60 |
| War Mill | 1 | 205 | / | 0 |
| Great Hall | 2 | 770 | / | 370 |
| Spirit Lodge | 1 | 150 | / | 150 |
| Stronghold | 2 | 630 | / | 380 |
| Fortress | 1 | 325 | / | 190 |
| total: | 17 | 2935g | / | 1240w |
| 0:03 | Peon |
| 0:03 | Peon |
| 0:10 | Altar of Storms |
| 0:14 | Orc Burrow |
| 0:23 | Peon |
| 0:35 | Peon |
| 0:52 | Peon |
| 0:52 | Peon |
| 1:06 | Voodoo Lounge |
| 1:15 | Peon |
| 1:23 | War Mill |
| 1:31 | Orc Burrow |
| 1:40 | Peon |
| 1:51 | Peon |
| 2:12 | Healing Salve |
| 2:12 | Lesser Clarity Potion |
| 2:16 | Peon |
| 2:16 | Peon |
| 2:21 | Wind Walk |
| 2:23 | Peon |
| 2:25 | Peon |
| 2:25 | Peon |
| 3:14 | Peon |
| 3:14 | Peon |
| 3:14 | Peon |
| 4:08 | Spiked Barricades |
| 4:35 | Watch Tower |
| 4:36 | Watch Tower |
| 4:37 | Watch Tower |
| 5:42 | Critical Strike |
| 6:22 | Voodoo Lounge |
| 7:02 | Great Hall |
| 7:12 | Watch Tower |
| 7:12 | Watch Tower |
| 8:42 | Boots of Speed |
| 8:45 | Staff of Teleportation |
| 9:30 | Orc Burrow |
| 9:36 | Stronghold |
| 11:05 | Wind Walk |
| 12:08 | Fortress |
| 12:11 | Spirit Lodge |
| 12:20 | Altar of Storms |
| 12:23 | Orb of Fire |
| 12:38 | Reinforced Defenses |
| 12:38 | Improved Spiked Barricades |
| 15:25 | Critical Strike |
| 15:30 | Witch Doctor Adept Training |
| 15:31 | Troll Witch Doctor |
| 15:31 | Troll Witch Doctor |
| 16:01 | Orb of Lightning |
| 17:36 | Witch Doctor Master Training |
| 17:36 | Troll Witch Doctor |
| 17:36 | Troll Witch Doctor |
| 18:22 | Critical Strike |
| 20:08 | Bladestorm |
| 20:45 | Troll Witch Doctor |
| 20:49 | Potion of Mana |
| 20:52 | Lesser Clarity Potion |
| 21:35 | Hex |
| 24:45 | Wind Walk |
| 25:06 | Orb of Fire |
| 26:53 | Orc Burrow |
| 28:10 | Healing Wave |
| 28:36 | Peon |
| 28:36 | Peon |
| 28:36 | Peon |
| 28:36 | Peon |
| 28:36 | Peon |
| 30:16 | Troll Witch Doctor |
| 30:16 | Troll Witch Doctor |
| 30:24 | Potion of Mana |
| 30:27 | Lesser Clarity Potion |
| 31:57 | Mirror Image |
| 33:39 | Great Hall |
| 35:01 | Peon |
| 35:01 | Peon |
| 35:01 | Peon |
| 35:24 | Hex |
| 35:37 | Peon |
| 35:37 | Peon |
| 38:23 | Mirror Image |
| Right click | 2980 |
| Select | 255 |
| Build/train/purchase | 160 |
| Select group | 97 |
| Use ability | 45 |
| Resource trade | 40 |
| Minimap ping | 22 |
| Chat | 19 |
| Misc. action | 12 |
| Item give/drop | 12 |
| Assign group | 6 |
| Remove unit | 1 |
| Esc | 1 |
187 units @ 29.6k
/ 5k
139 buildings @ 17.3k
/ 7.4k


| Healing Salve | 3 | 300 |
| Orb of Lightning | 1 | 375 |
| Scroll of Town Portal | 3 | 1050 |
| total: | 7 | 1725g |
| Peon | 15 | 1125 | / | 0 |
| Grunt | 6 | 1200 | / | 0 |
| Shaman | 15 | 1950 | / | 300 |
| Raider | 15 | 2700 | / | 600 |
| total: | 51 | 6975g | / | 900w |
| Watch Tower | 11 | 1210 | / | 880 |
| Altar of Storms | 1 | 180 | / | 50 |
| Orc Burrow | 5 | 800 | / | 200 |
| Barracks | 1 | 180 | / | 50 |
| Voodoo Lounge | 1 | 130 | / | 30 |
| War Mill | 1 | 205 | / | 0 |
| Great Hall | 3 | 1155 | / | 555 |
| Spirit Lodge | 1 | 150 | / | 150 |
| Beastiary | 1 | 145 | / | 140 |
| Stronghold | 1 | 315 | / | 190 |
| Fortress | 1 | 325 | / | 190 |
| total: | 25 | 4155g | / | 2055w |
| 0:04 | Peon |
| 0:04 | Peon |
| 0:04 | Peon |
| 0:14 | Altar of Storms |
| 0:21 | Orc Burrow |
| 0:47 | Peon |
| 0:47 | Peon |
| 0:48 | Peon |
| 1:16 | Barracks |
| 1:26 | Peon |
| 1:35 | Orc Burrow |
| 1:51 | Voodoo Lounge |
| 2:17 | Wind Walk |
| 3:01 | Stronghold |
| 3:04 | War Mill |
| 3:06 | Grunt |
| 3:06 | Grunt |
| 3:09 | Grunt |
| 3:09 | Grunt |
| 3:26 | Healing Salve |
| 3:38 | Grunt |
| 4:23 | Orc Burrow |
| 4:43 | Grunt |
| 5:03 | Critical Strike |
| 5:18 | Orc Burrow |
| 6:22 | Peon |
| 6:32 | Healing Wave |
| 6:36 | Spirit Lodge |
| 6:43 | Healing Salve |
| 6:54 | Beastiary |
| 6:57 | Steel Melee Weapons |
| 7:01 | Great Hall |
| 7:04 | Spiked Barricades |
| 7:16 | Steel Armor |
| 7:50 | Watch Tower |
| 7:56 | Watch Tower |
| 8:00 | Shaman Adept Training |
| 8:02 | Fortress |
| 8:07 | Wind Walk |
| 8:18 | Shaman |
| 9:02 | Hex |
| 9:11 | Ensnare |
| 9:12 | Raider |
| 9:44 | Shaman |
| 10:16 | Peon |
| 10:16 | Peon |
| 10:16 | Peon |
| 10:16 | Peon |
| 10:20 | Watch Tower |
| 10:31 | Shaman Master Training |
| 10:32 | Shaman |
| 10:32 | Shaman |
| 10:32 | Shaman |
| 11:07 | Reinforced Defenses |
| 11:17 | Peon |
| 11:18 | Peon |
| 11:18 | Peon |
| 11:46 | Watch Tower |
| 11:52 | Shaman |
| 11:59 | Watch Tower |
| 12:52 | Shaman |
| 12:56 | Raider |
| 12:56 | Raider |
| 12:56 | Raider |
| 13:31 | Watch Tower |
| 13:51 | Watch Tower |
| 14:02 | Orc Burrow |
| 14:53 | Thorium Melee Weapons |
| 15:41 | Scroll of Town Portal |
| 15:42 | Orb of Lightning |
| 17:52 | Healing Wave |
| 18:00 | Shaman |
| 18:00 | Shaman |
| 18:49 | Shaman |
| 18:50 | Shaman |
| 18:50 | Shaman |
| 18:58 | Thorium Armor |
| 20:49 | Shaman |
| 20:49 | Shaman |
| 20:49 | Shaman |
| 20:59 | Hex |
| 21:17 | Arcanite Melee Weapons |
| 21:17 | Arcanite Armor |
| 21:19 | Raider |
| 22:51 | Scroll of Town Portal |
| 24:14 | Critical Strike |
| 27:16 | Raider |
| 27:16 | Raider |
| 27:16 | Raider |
| 27:16 | Raider |
| 27:16 | Raider |
| 27:17 | Raider |
| 27:30 | Healing Salve |
| 27:36 | Scroll of Town Portal |
| 27:48 | Raider |
| 30:38 | Watch Tower |
| 30:41 | Watch Tower |
| 30:41 | Watch Tower |
| 30:42 | Watch Tower |
| 31:15 | Envenomed Spears |
| 31:15 | Raider |
| 31:15 | Raider |
| 31:17 | Raider |
| 32:04 | Healing Wave |
| 32:26 | Great Hall |
| 36:38 | Great Hall |
| Select group | 2375 |
| Right click | 2217 |
| Select | 709 |
| Use ability | 126 |
| Build/train/purchase | 124 |
| Resource trade | 75 |
| Misc. action | 58 |
| Assign group | 56 |
| Item give/drop | 2 |
| Remove unit | 2 |
| Esc | 1 |
| Peon | 10 | 750 | / | 0 |
| Troll Headhunter | 1 | 140 | / | 20 |
| total: | 11 | 890g | / | 20w |
| Orc Burrow | 1 | 160 | / | 40 |
| War Mill | 1 | 205 | / | 0 |
| Barracks | 1 | 180 | / | 50 |
| Altar of Storms | 1 | 180 | / | 50 |
| total: | 4 | 725g | / | 140w |
| 0:04 | Peon |
| 0:04 | Peon |
| 0:22 | Orc Burrow |
| 0:35 | Peon |
| 0:45 | Peon |
| 0:47 | War Mill |
| 0:52 | Peon |
| 0:59 | Barracks |
| 1:04 | Peon |
| 1:11 | Altar of Storms |
| 1:14 | Peon |
| 1:14 | Peon |
| 1:14 | Peon |
| 2:01 | Troll Headhunter |
| 2:17 | Peon |
| Right click | 28 |
| Select | 21 |
| Build/train/purchase | 11 |
| Assign group | 2 |
| Select group | 2 |
| Remove unit | 1 |

| Potion of Mana | 3 | 600 |
| Orb of Fire | 1 | 325 |
| total: | 4 | 925g |
| Peasant | 19 | 1425 | / | 0 |
| Footman | 5 | 675 | / | 0 |
| Knight | 9 | 2205 | / | 540 |
| Rifleman | 7 | 1435 | / | 210 |
| Dragonhawk Rider | 5 | 1000 | / | 150 |
| Peon | 10 | 750 | / | 0 |
| Troll Headhunter | 6 | 840 | / | 120 |
| Troll Berserker | 18 | 2520 | / | 360 |
| Demolisher | 9 | 1980 | / | 450 |
| total: | 88 | 12830g | / | 1830w |
| Scout Tower | 35 | 1050 | / | 700 |
| Arcane Tower | 8 | 560 | / | 400 |
| Guard Tower | 18 | 1260 | / | 900 |
| Altar of Kings | 1 | 180 | / | 50 |
| Farm | 13 | 1040 | / | 260 |
| Barracks | 4 | 640 | / | 240 |
| Arcane Vault | 1 | 130 | / | 30 |
| Lumber Mill | 2 | 240 | / | 0 |
| Town Hall | 3 | 1155 | / | 615 |
| Blacksmith | 3 | 420 | / | 180 |
| Gryphon Aviary | 3 | 420 | / | 450 |
| Keep | 2 | 640 | / | 420 |
| Castle | 2 | 720 | / | 420 |
| Watch Tower | 4 | 440 | / | 320 |
| Barracks | 2 | 360 | / | 100 |
| War Mill | 1 | 205 | / | 0 |
| Orc Burrow | 7 | 1120 | / | 280 |
| Voodoo Lounge | 1 | 130 | / | 30 |
| Great Hall | 1 | 385 | / | 185 |
| Stronghold | 2 | 630 | / | 380 |
| Fortress | 2 | 650 | / | 380 |
| total: | 81 | 7915g | / | 3440w |
| 0:03 | Peasant |
| 0:04 | Peasant |
| 0:05 | Peasant |
| 0:21 | Altar of Kings |
| 0:30 | Peasant |
| 0:35 | Farm |
| 0:36 | Farm |
| 0:54 | Barracks |
| 1:00 | Peasant |
| 1:09 | Peasant |
| 1:27 | Peasant |
| 1:27 | Peasant |
| 1:38 | Peasant |
| 1:41 | Farm |
| 1:41 | Farm |
| 2:00 | Footman |
| 2:05 | Scout Tower |
| 2:10 | Footman |
| 2:19 | Arcane Vault |
| 2:33 | Holy Light |
| 2:36 | Arcane Tower |
| 2:37 | Footman |
| 3:03 | Footman |
| 3:21 | Farm |
| 3:27 | Keep |
| 3:32 | Peon |
| 3:32 | Peon |
| 3:36 | Barracks |
| 3:38 | War Mill |
| 3:45 | Defend |
| 3:57 | Peon |
| 3:57 | Peon |
| 4:02 | Orc Burrow |
| 4:06 | Voodoo Lounge |
| 4:14 | Lumber Mill |
| 4:23 | Divine Shield |
| 4:32 | Footman |
| 4:51 | Steel Ranged Weapons |
| 4:51 | Stronghold |
| 5:09 | Troll Headhunter |
| 5:10 | Troll Headhunter |
| 5:10 | Troll Headhunter |
| 5:12 | Orc Burrow |
| 5:24 | Town Hall |
| 5:26 | Scout Tower |
| 5:28 | Scout Tower |
| 5:31 | Scout Tower |
| 5:37 | Improved Lumber Harvesting |
| 5:41 | Blacksmith |
| 5:48 | Troll Headhunter |
| 5:50 | Barracks |
| 5:58 | Guard Tower |
| 5:58 | Guard Tower |
| 5:59 | Arcane Tower |
| 6:03 | Peasant |
| 6:03 | Peasant |
| 6:12 | Holy Light |
| 6:22 | Improved Masonry |
| 6:26 | Blacksmith |
| 6:30 | Peasant |
| 7:06 | Troll Headhunter |
| 7:08 | Steel Armor |
| 7:08 | Thorium Armor |
| 7:12 | Orc Burrow |
| 7:23 | Peasant |
| 7:23 | Peasant |
| 7:23 | Peasant |
| 7:27 | Scout Tower |
| 7:29 | Scout Tower |
| 7:39 | Fortress |
| 7:40 | Reinforced Defenses |
| 8:00 | Guard Tower |
| 8:03 | Farm |
| 8:04 | Farm |
| 8:05 | Farm |
| 8:07 | Farm |
| 8:09 | Farm |
| 8:13 | Castle |
| 8:14 | Advanced Masonry |
| 8:15 | Advanced Lumber Harvesting |
| 8:16 | Iron Plating |
| 8:16 | Iron Forged Swords |
| 8:21 | Barracks |
| 8:27 | Farm |
| 8:27 | Farm |
| 8:45 | Thorium Ranged Weapons |
| 9:03 | Imbued Masonry |
| 9:08 | Scout Tower |
| 9:09 | Scout Tower |
| 9:09 | Scout Tower |
| 9:14 | Divine Shield |
| 9:27 | Scout Tower |
| 9:29 | Scout Tower |
| 9:30 | Scout Tower |
| 9:32 | Scout Tower |
| 9:34 | Scout Tower |
| 9:37 | Guard Tower |
| 9:43 | Scout Tower |
| 9:44 | Scout Tower |
| 9:45 | Scout Tower |
| 9:46 | Scout Tower |
| 10:02 | Guard Tower |
| 10:10 | Guard Tower |
| 10:16 | Potion of Mana |
| 10:18 | Potion of Mana |
| 10:32 | Guard Tower |
| 10:51 | Peasant |
| 10:51 | Peasant |
| 10:51 | Peasant |
| 10:51 | Peasant |
| 11:05 | Great Hall |
| 11:06 | Watch Tower |
| 11:08 | Watch Tower |
| 11:09 | Watch Tower |
| 11:10 | Watch Tower |
| 11:14 | Troll Regeneration |
| 11:15 | Berserker Upgrade |
| 11:17 | Troll Headhunter |
| 11:19 | Arcanite Armor |
| 11:22 | Orc Burrow |
| 11:32 | Animal War Training |
| 11:33 | Knight |
| 11:39 | Barracks |
| 11:45 | Orb of Fire |
| 11:55 | Scout Tower |
| 11:56 | Scout Tower |
| 11:56 | Scout Tower |
| 11:57 | Scout Tower |
| 12:01 | Scout Tower |
| 12:01 | Scout Tower |
| 12:02 | Scout Tower |
| 12:03 | Scout Tower |
| 12:07 | Knight |
| 12:14 | Lumber Mill |
| 12:38 | Gryphon Aviary |
| 12:44 | Guard Tower |
| 12:47 | Orc Burrow |
| 12:48 | Troll Berserker |
| 12:53 | Guard Tower |
| 12:58 | Arcane Tower |
| 13:39 | Arcanite Ranged Weapons |
| 13:41 | Troll Berserker |
| 13:43 | Spiked Barricades |
| 13:43 | Improved Spiked Barricades |
| 13:45 | Orc Burrow |
| 13:53 | Peon |
| 13:59 | Gryphon Aviary |
| 13:59 | Studded Leather Armor |
| 14:07 | Arcane Tower |
| 14:08 | Guard Tower |
| 14:26 | Gryphon Aviary |
| 14:33 | Arcane Tower |
| 14:42 | Potion of Mana |
| 14:53 | Cloud |
| 15:11 | Long Rifles |
| 15:13 | Rifleman |
| 15:16 | Guard Tower |
| 15:43 | Rifleman |
| 15:49 | Steel Plating |
| 15:58 | Peon |
| 15:58 | Peon |
| 15:58 | Peon |
| 15:58 | Peon |
| 15:58 | Peon |
| 16:01 | Orc Burrow |
| 16:04 | Guard Tower |
| 16:23 | Knight |
| 16:33 | Troll Berserker |
| 16:33 | Troll Berserker |
| 17:05 | Barracks |
| 17:12 | Troll Berserker |
| 17:29 | Holy Light |
| 17:36 | Knight |
| 17:38 | Mithril Plating |
| 17:45 | Dragonhawk Rider |
| 17:46 | Dragonhawk Rider |
| 18:07 | Dragonhawk Rider |
| 18:09 | Guard Tower |
| 18:10 | Guard Tower |
| 18:30 | Knight |
| 18:33 | Farm |
| 18:43 | Troll Berserker |
| 18:43 | Troll Berserker |
| 19:10 | Troll Berserker |
| 19:16 | Storm Hammers |
| 20:12 | Dragonhawk Rider |
| 20:32 | Troll Berserker |
| 21:01 | Knight |
| 21:02 | Dragonhawk Rider |
| 21:04 | Steel Forged Swords |
| 21:32 | Troll Berserker |
| 21:32 | Troll Berserker |
| 21:42 | Blacksmith |
| 22:04 | Troll Berserker |
| 22:10 | Troll Berserker |
| 22:11 | Troll Berserker |
| 22:11 | Troll Berserker |
| 22:11 | Troll Berserker |
| 22:14 | Knight |
| 22:30 | Troll Berserker |
| 22:31 | Troll Berserker |
| 22:47 | Mithril Forged Swords |
| 23:44 | Knight |
| 23:46 | Black Gunpowder |
| 23:46 | Reinforced Leather Armor |
| 23:54 | Rifleman |
| 23:54 | Rifleman |
| 24:09 | Burning Oil |
| 24:10 | Demolisher |
| 24:10 | Demolisher |
| 24:46 | Resurrection |
| 24:52 | Refined Gunpowder |
| 24:58 | Demolisher |
| 25:37 | Demolisher |
| 25:55 | Rifleman |
| 26:13 | Demolisher |
| 26:43 | Rifleman |
| 26:48 | Imbued Gunpowder |
| 26:49 | Rifleman |
| 27:28 | Demolisher |
| 27:57 | Knight |
| 29:47 | Dragonhide Armor |
| 30:10 | Scout Tower |
| 30:11 | Scout Tower |
| 30:12 | Scout Tower |
| 30:12 | Scout Tower |
| 30:13 | Scout Tower |
| 30:19 | Demolisher |
| 30:19 | Demolisher |
| 30:50 | Arcane Tower |
| 30:51 | Guard Tower |
| 31:07 | Town Hall |
| 31:55 | Guard Tower |
| 33:43 | Demolisher |
| 34:44 | Town Hall |
| 34:46 | Scout Tower |
| 34:47 | Scout Tower |
| 34:47 | Scout Tower |
| 34:48 | Scout Tower |
| 35:14 | Guard Tower |
| 35:16 | Arcane Tower |
| 35:20 | Guard Tower |
| Right click | 1341 |
| Select | 1123 |
| Select group | 510 |
| Misc. action | 257 |
| Build/train/purchase | 239 |
| Use ability | 54 |
| Assign group | 30 |
| Minimap ping | 30 |
| Chat | 11 |
| Esc | 10 |
| Item give/drop | 4 |

| Rod of Necromancy | 1 | 150 |
| Potion of Mana | 1 | 200 |
| Orb of Corruption | 1 | 375 |
| Dust of Appearance | 2 | 150 |
| total: | 5 | 875g |
| Acolyte | 12 | 900 | / | 0 |
| Ghoul | 6 | 720 | / | 0 |
| Frost Wyrm | 19 | 7315 | / | 2280 |
| total: | 37 | 8935g | / | 2280w |
| Nerubian Tower | 2 | 200 | / | 40 |
| Spirit Tower | 13 | 1885 | / | 520 |
| Altar of Darkness | 1 | 180 | / | 50 |
| Crypt | 1 | 200 | / | 50 |
| Ziggurat | 21 | 3150 | / | 1050 |
| Tomb of Relics | 2 | 260 | / | 60 |
| Graveyard | 1 | 215 | / | 0 |
| Boneyard | 3 | 525 | / | 600 |
| Halls of the Dead | 2 | 640 | / | 420 |
| Black Citadel | 2 | 650 | / | 460 |
| total: | 29 | 4530g | / | 1810w |
| 0:21 | Acolyte |
| 0:29 | Altar of Darkness |
| 0:31 | Crypt |
| 0:38 | Ziggurat |
| 0:46 | Acolyte |
| 1:13 | Tomb of Relics |
| 1:18 | Tomb of Relics |
| 1:37 | Ghoul |
| 1:43 | Ziggurat |
| 1:48 | Ghoul |
| 2:04 | Ghoul |
| 2:28 | Graveyard |
| 2:39 | Ghoul |
| 2:43 | Nerubian Tower |
| 3:03 | Sleep |
| 3:07 | Acolyte |
| 3:07 | Acolyte |
| 3:29 | Dust of Appearance |
| 4:09 | Acolyte |
| 4:21 | Rod of Necromancy |
| 4:37 | Halls of the Dead |
| 4:51 | Ghoul |
| 5:08 | Ziggurat |
| 5:19 | Spirit Tower |
| 5:36 | Creature Carapace |
| 5:46 | Ghoul |
| 6:01 | Spirit Tower |
| 6:39 | Creature Attack |
| 6:58 | Black Citadel |
| 7:16 | Ziggurat |
| 7:46 | Ziggurat |
| 8:05 | Improved Creature Carapace |
| 8:08 | Spirit Tower |
| 8:55 | Ziggurat |
| 8:56 | Ziggurat |
| 8:57 | Ziggurat |
| 9:05 | Vampiric Aura |
| 9:25 | Boneyard |
| 9:26 | Boneyard |
| 9:29 | Boneyard |
| 10:14 | Advanced Creature Carapace |
| 10:47 | Frost Wyrm |
| 10:59 | Frost Wyrm |
| 11:00 | Frost Wyrm |
| 11:22 | Freezing Breath |
| 11:53 | Frost Wyrm |
| 11:53 | Frost Wyrm |
| 12:40 | Frost Wyrm |
| 13:08 | Improved Creature Attack |
| 13:41 | Dust of Appearance |
| 13:42 | Potion of Mana |
| 14:26 | Advanced Creature Attack |
| 14:50 | Vampiric Aura |
| 14:56 | Frost Wyrm |
| 15:19 | Orb of Corruption |
| 16:35 | Frost Wyrm |
| 17:32 | Frost Wyrm |
| 17:38 | Sleep |
| 18:40 | Frost Wyrm |
| 18:43 | Frost Wyrm |
| 18:48 | Acolyte |
| 19:47 | Acolyte |
| 19:52 | Acolyte |
| 19:59 | Acolyte |
| 20:00 | Acolyte |
| 20:09 | Acolyte |
| 20:09 | Acolyte |
| 21:08 | Frost Wyrm |
| 21:35 | Ziggurat |
| 21:39 | Ziggurat |
| 22:16 | Frost Wyrm |
| 22:16 | Frost Wyrm |
| 22:16 | Frost Wyrm |
| 22:36 | Frost Wyrm |
| 22:36 | Frost Wyrm |
| 23:11 | Frost Wyrm |
| 23:40 | Frost Wyrm |
| 23:44 | Spirit Tower |
| 26:29 | Spirit Tower |
| 26:38 | Ziggurat |
| 26:39 | Ziggurat |
| 34:50 | Ziggurat |
| 34:51 | Ziggurat |
| 35:41 | Spirit Tower |
| 35:48 | Ziggurat |
| 35:52 | Spirit Tower |
| 36:17 | Ziggurat |
| 36:22 | Ziggurat |
| 36:44 | Nerubian Tower |
| 36:53 | Sleep |
| 37:19 | Spirit Tower |
| 37:23 | Ziggurat |
| 37:25 | Ziggurat |
| 37:26 | Ziggurat |
| 37:44 | Ziggurat |
| 38:26 | Spirit Tower |
| Right click | 484 |
| Select | 412 |
| Select group | 359 |
| Build/train/purchase | 110 |
| Misc. action | 61 |
| Use ability | 32 |
| Assign group | 15 |
| Item give/drop | 3 |